 Dungeon Crawl Stone Soup version 0.32-a0-799-g95e1662365 (webtiles) character file.

Game seed: 13090785103909310883

387 Arex the Trooper (level 6, 0/58 HPs)
             Began as a Naga Fighter on Mar 21, 2024.
             Slain by an iguana (9 damage)
             ... on level 4 of the Dungeon.
             The game lasted 00:04:23 (1939 turns).

Arex the Trooper (Naga Fighter)                     Turns: 1939, Time: 00:04:24

Health: 0/58       AC:  6    Str: 20    XL:     6   Next: 78%
Magic:  6/6        EV:  6    Int:  8    God:
Gold:   114        SH:  4    Dex: 11    Spells: 5/5 levels left

rFire   . .          .
                       - Unarmed
rCold   . . .        b - +0 buckler
rNeg    . . .        a - +0 scale mail
rPois   +            d - +1 hat
rElec   .            (no cloak)
rCorr   .            (no gloves)
SInv    +            (no barding)
Will    .....        (no amulet) Stlth
                     (no ring)
HPRegen 0.29/turn    (no ring)
MPRegen 0.10/turn

%: no passive effects
@: mighty, very slow
A: AC +2, large, see invisible, deformed body, poison resistance, slowness 2,
spit poison 1, naga tail 1
a: Spit Poison


You were on level 4 of the Dungeon.
You visited 1 branch of the dungeon, and saw 4 of its levels.

You collected 114 gold pieces.

Inventory:

Armour
 a - a +0 scale mail (worn)
 b - a +0 buckler (worn)
 d - a +1 hat (worn)
Scrolls
 e - a scroll of teleportation {unknown}
 f - a scroll of fog {unknown}
 g - a scroll of torment {unknown}
 i - a scroll of fear
 l - a scroll of amnesia {unknown}
Potions
 h - a potion of magic {unknown}
 j - 3 potions of enlightenment
 k - a potion of heal wounds {unknown}


   Skills:
 + Level 4.4 Fighting
 + Level 3.6 Armour
 + Level 4.1 Shields
 + Level 3.8 Unarmed Combat


You had 5 spell levels left.
You didn't know any spells.
Your spell library contained the following spells:

 Spells                   Type           Power      Damage    Failure   Level
 Apportation              Tloc           0%         N/A       83%         1
 Sting                    Conj/Alch      0%         1d3       83%         1
 Jinxbite                 Hex            0%         N/A       92%         2
 Mercury Vapours          Alch/Air       0%         N/A       92%         2
 Sigil of Binding         Hex            0%         N/A       99%         3
 Animate Dead             Necr           0%         N/A       100%        4
 Olgreb's Toxic Radiance  Alch           0%         N/A       100%        4
 Alistair's Intoxication  Alch           0%         N/A       100%        5
 Borgnjor's Vile Clutch   Necr/Erth      0%         N/A       100%        5
 Death Channel            Necr           0%         N/A       100%        6
 Sculpt Simulacrum        Ice/Alch       0%         N/A       100%        6


Dungeon Overview and Level Annotations

Branches:
Dungeon (4/15)
 Temple: D:4-7

Altars:
Fedhas

Annotations:
D:4 Pikel


Innate Abilities, Weirdness & Mutations

Your serpentine skin is tough. (AC +2)
You have supernaturally acute eyesight. (SInv)
Armour fits poorly on your strangely shaped body.
Your system is resistant to poisons. (rPois)
You cover ground very slowly.
You can spit poison.
You have a snake-like lower body.


Message History

The dart slug barely misses you.
You punch the dart slug!
You kill the dart slug!
The iguana bites you! The lemure hits you. The iguana bites you!
The dart slug bites you but does no damage.
The iguana bites you!
An adder comes into view.
The adder hisses angrily.
The iguana completely misses you. The lemure hits you but does no damage.
The adder moves out of view.
A hobgoblin comes into view.
The hobgoblin shouts!
You feel very mighty all of a sudden. The iguana bites you.
* * * LOW HITPOINT WARNING * * *
The lemure hits you but does no damage.
You punch the lemure!
The lemure is moderately wounded.
You hear a shout!
The adder barely misses you.
The iguana bites you but does no damage.
You block the lemure's attack.
You hear a bark!
You miss the adder. You block the adder's attack.
You block the hobgoblin's attack. The iguana bites you.
* * * LOW HITPOINT WARNING * * *
The lemure hits you but does no damage. The adder bites you but does no damage.
Unknown command.
You punch the adder!
The adder is almost dead.
The hobgoblin hits you.
* * * LOW HITPOINT WARNING * * *
The iguana closely misses you. The lemure hits you.
* * * LOW HITPOINT WARNING * * *
The adder bites you but does no damage.
You completely miss the adder.
The adder is almost dead.
The adder barely misses you. The iguana bites you!
You die...

..J........ 5
....h......... .
....####.....#
.. .... .##...
#..#######......
....... ....#
#K..###..#
###5..##<.#
#S@lw...$##
#.....g########
....... #.....#
#..... #.....
#.... #....


You could see a lemure, an iguana, an adder, a dart slug, a hobgoblin and a
kobold.

Vanquished Creatures
  Sigmund (D:2)
  A scorpion (D:3)
  An orc priest (D:3)
  An iguana (D:3)
  An orc wizard (D:3)
  An adder (D:2)
  A ribbon worm (D:2)
  4 dart slugs
  2 orcs (D:3)
  7 ball pythons
  5 bats
  4 endoplasms
  4 giant cockroaches
  7 goblins
  7 hobgoblins
  9 jackals
  2 quokkas
  3 frilled lizards
  3 kobolds
  8 rats
72 creatures vanquished.

Notes
Turn   | Place    | Note
-------+----------+-------------------------------------------
     0 | D:1      | Arex the Naga Fighter began the quest for the Orb.
     0 | D:1      | Reached XP level 1. HP: 21/21 MP: 1/1
    48 | D:1      | Reached XP level 2. HP: 27/28 MP: 2/2
   198 | D:1      | Reached XP level 3. HP: 33/34 MP: 3/3
   753 | D:2      | Noticed Sigmund
   759 | D:2      | Killed Sigmund
   760 | D:2      | Reached XP level 4. HP: 36/44 MP: 4/4
   760 | D:2      | Reached XP level 5. HP: 41/50 MP: 5/5
  1012 | D:2      | Reached XP level 6. HP: 57/57 MP: 6/6
  1879 | D:4      | Noticed Pikel
  1879 | D:4      | Found a blossoming altar of Fedhas.
  1939 | D:4      | Slain by an iguana

Illustrated notes

Levels and vault maps discovered:
D:1:      dpeg_arrival_arbitrary_c, layout_loops_cross
D:2:      layout_basic, serial_glass, glass_columns_a, glass_columns_a,
          glass_columns_a, glass_columns_a, mrwooster_statue_mirror,
          uniq_sigmund
D:3:      layout_loops_ring, serial_shops, nicolae_shop_back_alley_shop,
          hex_large, hangedman_abyss_or_decor_stabs
D:4:      layout_rooms, overflow_temple_1_default, minmay_manual_mess,
          uniq_natasha, uniq_pikel, uniq_grinder

Skill      XL: |  1  2  3  4  5  6 |
---------------+-------------------+-----
Shields        | 3 4 |  4.1
Fighting       | 4 |  4.4
Armour         | 3 |  3.6
Unarmed Combat | 3 |  3.8

Action                     |  1- 3 |  4- 6 || total
---------------------------+-------+-------++-------
  Melee: Unarmed           |   107 |   130 ||   237
Ability: Spit Poison       |    11 |    17 ||    28
    Use: Potion            |     1 |     1 ||     2
         Scroll            |       |     2 ||     2
 Armour: Scale mail        |    82 |   125 ||   207
  Dodge: Dodged            |    33 |    35 ||    68
  Block: Buckler           |    17 |    29 ||    46

Table legend: (Time is in decaauts)
 A = Elapsed time spent in this place.
 B = Non-inter-level travel time spent in this place.
 C = Inter-level travel time spent in this place.
 D = Time resting spent in this place.
 E = Time spent auto-exploring this place.
 F = Levels seen in this place.
 G = Mean time per level.
                   A        B        C        D        E       F      G
               +--------+--------+--------+--------+--------+-----+--------+
         Total |   2432 |   2306 |    126 |    106 |   1654 |   4 |  608.0 |
       Dungeon |   2432 |   2306 |    126 |    106 |   1654 |   4 |  608.0 |
               +--------+--------+--------+--------+--------+-----+--------+

Top non-repeatable levels by time:
     D:1: 968 daAuts
     D:3: 750 daAuts
     D:2: 690 daAuts
     D:4: 23 daAuts
